 Dungeon Crawl Stone Soup version 0.18.1-5-g4a78601 (webtiles) character file.

7483 Loki the Covert (level 11, 0/53 HPs)
             Began as a Vine Stalker Enchanter on May 11, 2016.
             Slain by an unseen horror (8 damage)
             ... on level 13 of the Dungeon.
             The game lasted 00:36:34 (8757 turns).

Loki the Covert (Vine Stalker Enchanter)            Turns: 8757, Time: 00:36:35

Health: 0/53       AC:  5    Str: 11    XL:     11   Next: 16%
Magic:  0/22       EV: 15    Int: 15    God:
Gold:   65         SH:  0    Dex: 18    Spells: 4 memorised, 14 levels left

rFire  . . .     SeeInvis .     a - +1 dagger
rCold  . . .     Gourm    .     J - +0 leather armour {MR+}
rNeg   . . .     Faith    .     (no shield)
rPois  .         Spirit   +     (no helmet)
rElec  .         Dismiss  .     z - +0 cloak
rCorr  +         Reflect  .     s - +0 pair of gloves
SustAt .         Harm     .     (no boots)
MR     ++...                    (no amulet)
Stlth  +++++.....               (no ring)
                                y - ring of resist corrosion

@: very resistant to hostile enchantments, quite stealthy
A: fangs 3, regeneration 2, magic shield, antimagic bite, no device heal 3, rot
immunity
a: no special abilities


You were on level 13 of the Dungeon.
You were hungry.

You visited 2 branches of the dungeon, and saw 12 of its levels.

You collected 450 gold pieces.
You spent 385 gold pieces at shops.

Inventory:

Hand Weapons
 a - a +1 dagger (weapon)
 h - a +2 short sword of flaming
 l - a +1 hunting sling of flaming
Missiles
 G - 3 tomahawks (quivered)
Armour
 b - a +1 robe
 s - a +0 pair of gloves (worn)
 z - a +0 cloak (worn)
 I - a troll hide
 J - a +0 leather armour of magic resistance (worn)
Jewellery
 y - a ring of resist corrosion (left hand)
Wands
 q - a wand of iceblast (4/15)
 B - a wand of polymorph (10/24)
Scrolls
 f - 5 scrolls of enchant armour {unknown}
 g - 5 scrolls of blinking {unknown}
 i - 4 scrolls of teleportation
 j - 2 scrolls of magic mapping {unknown}
 k - a scroll of recharging
 u - a scroll of remove curse
 E - a scroll of fear
 H - a scroll of enchant weapon
Potions
 e - 5 potions of curing
 m - a potion of resistance
 n - a potion of magic
 p - 3 potions of brilliance {unknown}
 v - 3 potions of lignification
 w - 2 potions of haste
 x - 2 potions of degeneration
 A - 2 potions of might
 C - a potion of cure mutation
 D - 2 potions of agility
 F - a potion of heal wounds
Books
 c - a book of Maledictions

   Spells                             Type                      Level
   a - Corona                         Hexes                        1
   b - Ensorcelled Hibernation        Hexes/Ice                    2
   c - Confuse                        Hexes                        3
   d - Tukima's Dance                 Hexes                        3
   e - Dazzling Spray                 Conjuration/Hexes            3
 r - a book of Necromancy

   Spells                             Type                      Level
   a - Pain                           Necromancy                   1
   b - Animate Skeleton               Necromancy                   1
   c - Vampiric Draining              Necromancy                   3
   d - Regeneration                   Charms/Necromancy            3
   e - Animate Dead                   Necromancy                   4
   f - Control Undead                 Necromancy                   4
Comestibles
 d - 5 bread rations
 o - 3 meat rations
 t - 2 slices of pizza


   Skills:
 + Level 4.2 Fighting
 + Level 4.6 Short Blades
 + Level 5.5 Dodging
 * Level 11.7 Stealth
 + Level 6.6 Spellcasting
 * Level 9.4 Hexes


You had 14 spell levels left.
You knew the following spells:

 Your Spells              Type           Power        Failure   Level  Hunger
a - Corona                Hex            ####...      1%          1    None
c - Confuse               Hex            ####....     1%          3    ##.....
d - Tukima's Dance        Hex            ####....     1%          3    ##.....
h - Ensorcelled Hibernat  Hex/Ice        ###...       4%          2    None


Dungeon Overview and Level Annotations

Branches:
Dungeon (13/15)            Temple (1/1) D:5
   Lair: D:8-11         Orc: D:9-12      Vaults: D:13-14

Altars:
Ashenzari
Cheibriados
Dithmenos
Elyvilon
Fedhas
Gozag
Kikubaaqudgha
Makhleb
Nemelex Xobeh
Pakellas
Qazlal
Ru
Sif Muna
Trog
Xom
Yredelemnul
Zin
The Shining One

Shops:
D:5 !   D:12 [

Annotations:
D:1 exclusion: downstairs


Innate Abilities, Weirdness & Mutations

You have razor-sharp teeth.
You heal very quickly.
When hurt, damage is shared between your health and your magic reserves.
Your bite disrupts and absorbs the magic of your enemies.
Potions and wands cannot restore your health.
You are immune to rotting.


Message History

Something hits you! Something barely misses you.
Something hits you but does no damage. Something hits you.
Something hits you but does no damage.
You open the door. Something hits you!
Found 16 stones.
Something hits you.
There is an open door, spattered with blood here.
Something hits you.
* * * LOW HITPOINT WARNING * * *
Something is blocking the doorway!
Something hits you but does no damage.
You close the door.
Something hits you.
* * * LOW HITPOINT WARNING * * *
Something hits you but does no damage.
You hear the steady crackling of a melting archway nearby.
Something hits you!
* * * LOW HITPOINT WARNING * * *
2 centaurs come into view.
Something hits you!
You die...

#......c. #. #.......c #.
#....... #.. #...... #..
#....# . #..##....##..
#..............# ....
#.(..@...##....#......
#........##....#......
#..............#......
#..............#......
###########+####....#......
...............#....#......
.......#.......###'##......
.......#...#.%..........###
..#....#...#............###


You could see 2 centaurs.

Vanquished Creatures
  A centaur warrior (D:13)
  A centaur skeleton (D:12)
  Prince Ribbit (D:8)
  4 trolls
  Grinder (D:4)
  Sigmund (D:7)
  10 humans (D:7)
  A hippogriff (D:12)
  2 ice beasts (D:6)
  3 orc warriors
  An eye of draining (D:9)
  3 black bears (D:6)
  2 phantoms
  4 ogres
  2 big kobolds
  7 giant frogs
  A jelly (D:7)
  3 scorpions
  3 wights (D:6)
  3 howler monkeys
  4 crimson imps
  An electric eel (D:9)
  A giant frog zombie (D:8)
  5 hounds
  6 orc wizards
  5 orc priests
  3 iguanas
  5 worker ants
  4 sheep (D:7)
  10 gnolls
  8 adders
  A shadow imp (D:7)
  2 oozes (D:4)
  An adder skeleton (D:4)
  8 worms
  3 dart slugs
  6 giant geckos
  22 orcs
  9 bats
  6 giant cockroaches
  7 goblins
  6 hobgoblins
  14 jackals
  4 quokkas
  2 ball pythons (D:2)
  5 giant newts
  11 kobolds
  A quokka skeleton (D:5)
  7 rats
221 creatures vanquished.

Vanquished Creatures (collateral kills)
  An ogre (D:7)
1 creature vanquished.

Grand Total: 222 creatures vanquished

Notes
Turn   | Place    | Note
--------------------------------------------------------------
     0 | D:1      | Loki the Vine Stalker Enchanter began the quest for the Orb.
     0 | D:1      | Reached XP level 1. HP: 9/9 MP: 4/4
   255 | D:1      | Reached skill level 4 in Stealth
   255 | D:1      | Reached XP level 2. HP: 11/13 MP: 6/6
   912 | D:2      | Learned a level 2 spell: Ensorcelled Hibernation
   916 | D:2      | Reached XP level 3. HP: 16/16 MP: 4/7
  1105 | D:2      | Learned a level 3 spell: Confuse
  1319 | D:2      | Reached XP level 4. HP: 21/21 MP: 5/9
  1935 | D:3      | Found a stormy altar of Qazlal.
  1955 | D:3      | Noticed Grinder
  2018 | D:3      | Reached XP level 5. HP: 24/24 MP: 0/10
  2152 | D:3      | Found a glowing silver altar of Zin.
  2158 | D:3      | Found a deep blue altar of Sif Muna.
  2274 | D:3      | Reached skill level 5 in Stealth
  2535 | D:4      | Noticed a phantom
  2535 | D:4      | Noticed an ogre
  2594 | D:4      | Noticed a big kobold
  2598 | D:4      | Killed a big kobold
  2598 | D:4      | Gained mutation: You heal very quickly. [Vine Stalker growth]
  2598 | D:4      | Reached XP level 6. HP: 26/28 MP: 5/12
  2603 | D:4      | Learned a level 3 spell: Tukima's Dance
  3454 | D:4      | Killed a phantom
  3454 | D:4      | Reached skill level 6 in Stealth
  3454 | D:4      | Reached skill level 5 in Hexes
  3454 | D:4      | Reached XP level 7. HP: 31/32 MP: 11/13
  3508 | D:5      | Entered Level 5 of the Dungeon
  3580 | D:5      | Found Byab Apn's Distillery.
  3593 | D:5      | Bought 2 potions of lignification for 66 gold pieces
  3593 | D:5      | Bought a potion of haste for 110 gold pieces
  3593 | D:5      | Bought a potion of degeneration for 11 gold pieces
  3593 | D:5      | Bought a potion of curing for 33 gold pieces
  3663 | D:5      | Found a staircase to the Ecumenical Temple.
  3714 | D:5      | Found a blossoming altar of Fedhas.
  3760 | Temple   | Entered the Ecumenical Temple
  3953 | D:5      | You fall through a shaft!
  4194 | D:6      | Reached skill level 7 in Stealth
  4240 | D:6      | Gained mutation: You have razor-sharp teeth. [Vine Stalker growth]
  4240 | D:6      | Reached XP level 8. HP: 36/36 MP: 12/15
  4772 | D:5      | Reached skill level 1 in Short Blades
  5140 | D:6      | Reached skill level 1 in Fighting
  5143 | D:6      | Found a bloodstained altar of Trog.
  5361 | D:6      | Reached skill level 8 in Stealth
  5467 | D:6      | Reached XP level 9. HP: 41/41 MP: 17/17
  5945 | D:4      | Killed Grinder
  5945 | D:4      | Reached skill level 5 in Spellcasting
  5992 | D:5      | Bought a potion of agility for 44 gold pieces
  5992 | D:5      | Bought a potion of heal wounds for 55 gold pieces
  6077 | D:7      | Noticed Sigmund
  6116 | D:7      | Killed Sigmund
  6125 | D:7      | Reached skill level 9 in Stealth
  6469 | D:7      | Reached XP level 10. HP: 49/49 MP: 11/19
  6472 | D:7      | Reached skill level 10 in Stealth
  6536 | D:7      | Found a shadowy altar of Dithmenos.
  7310 | D:8      | Noticed Prince Ribbit
  7500 | D:8      | Killed Prince Ribbit
  8037 | D:9      | Reached skill level 5 in Dodging
  8037 | D:9      | Reached skill level 11 in Stealth
  8164 | D:9      | You fall through a shaft for 3 floors!
  8249 | D:12     | Found Rurut's Antique Armour Boutique.
  8257 | D:12     | Bought a runed leather armour for 66 gold pieces
  8426 | D:13     | Reached XP level 11. HP: 37/53 MP: 21/21
  8460 | D:13     | Noticed a centaur warrior
  8539 | D:13     | Noticed a purple ugly thing
  8613 | D:13     | Killed a centaur warrior
  8757 | D:13     | Slain by an unseen horror

Skill      XL: |  1  2  3  4  5  6  7  8  9 10 |
---------------+-------------------------------+-----
Stealth        | 4 5 6 7 8 9 11 | 11.7
Dodging        | 2 3 4 5 |  5.5
Spellcasting   | 3 4 5 6 |  6.6
Hexes          | 4 5 6 8 9 |  9.4
Short Blades   | 2 3 4 |  4.6
Fighting       | 1 3 4 |  4.2

Action                   |  1- 3 |  4- 6 |  7- 9 | 10-12 || total
-------------------------+-------+-------+-------+-------++-------
Melee: Dagger            |    46 |   126 |   200 |   229 ||   601
       Bite              |     3 |    24 |    62 |    67 ||   156
 Cast: Corona            |     8 |     4 |     6 |     2 ||    20
       Ensorcelled Hiber |     5 |    33 |    36 |    30 ||   104
       Confuse           |       |     5 |    25 |    36 ||    66
       Tukima's Dance    |       |       |       |     1 ||     1
  Use: Potion            |       |       |     1 |       ||     1
       Scroll            |       |       |       |    10 ||    10
 Stab: Sleeping          |    24 |    36 |    34 |    24 ||   118
       Confused          |       |     6 |     9 |    22 ||    37
       Distracted        |       |       |     2 |     1 ||     3
  Eat: Chunk             |     1 |    10 |    12 |    10 ||    33
Armor: Robe              |    10 |    19 |    28 |    17 ||    74
       Leather armour    |       |       |       |    16 ||    16
Dodge: Dodged            |    22 |    48 |   117 |   111 ||   298
